 Dungeon Crawl Stone Soup version 0.20.0-15-g7f486f2 (webtiles) character file.

6029 tof the Fighter (level 10, -2/110 HPs)
             Began as an Ogre Berserker on June 20, 2017.
             Was a High Priest of Trog.
             Slain by Erolcha
             ... wielding a +0 giant club
              (18 damage)
             ... on level 9 of the Dungeon on June 24, 2017.
             The game lasted 00:21:57 (11347 turns).

tof the Fighter (Ogre Berserker)                   Turns: 11347, Time: 00:21:57

Health: -2/110     AC: 11    Str: 22    XL:     10   Next: 86%
Magic:  10/10      EV: 12    Int:  8    God:    Trog [*****.]
Gold:   460        SH:  0    Dex: 10    Spells: 9/9 levels left

rFire    . . .     SeeInvis .   c - +2 flail (protect)
rCold    + . .     Gourm    .   (no shield)
rNeg     . . .     Faith    .   b - +0 animal skin
rPois    .         Spirit   .   (helmet restricted)
rElec    .         Reflect  .   l - +0 cloak
rCorr    .         Harm     .   (gloves unavailable)
MR       +++..                  (boots unavailable)
Stlth    +.........             (no amulet)
Regen    1.3/turn               i - ring of protection from cold
MPRegen  0.2/turn               k - +4 ring of slaying

@: protection aura, berserk cooldown, regenerating, slowed, very slow
A: unfitting armour, antennae 1, tough skin 1, weak 1
a: Berserk, Trog's Hand, Brothers in Arms, Burn Spellbooks, Renounce Religion


You were on level 9 of the Dungeon.
You worshipped Trog.
Trog was extremely pleased with you.
You were not hungry.

You visited 1 branch of the dungeon, and saw 9 of its levels.

You collected 460 gold pieces.

Inventory:

Hand Weapons
 a - a +0 mace
 c - a +2 flail of protection (weapon)
 m - a +1 whip of electrocution
 q - a +0 flail
 E - a cursed -3 giant club
Missiles
 j - 14 tomahawks (quivered)
 p - 2 javelins
 N - an exploding tomahawk
 U - 5 poisoned javelins
Armour
 b - a +0 animal skin (worn)
 l - a +0 cloak (worn)
Jewellery
 i - a ring of protection from cold (left hand)
 k - a +4 ring of slaying (right hand)
 n - an uncursed ring of flight
Wands
 d - a wand of digging (11/24)
 s - a wand of paralysis (15/24)
 u - a wand of disintegration (14/24)
 B - a wand of random effects (16/48)
 G - a wand of disintegration (11/24)
 O - a wand of lightning (5/15)
 P - a wand of confusion (14/48)
Scrolls
 e - 3 scrolls of recharging
 f - 5 scrolls of teleportation
 t - a scroll of fear
 v - 3 scrolls of enchant weapon
 x - 3 scrolls of remove curse
 y - a scroll of random uselessness
 C - a scroll of fog
 K - a scroll of identify
 M - a scroll of amnesia {unknown}
 S - a scroll of blinking {unknown}
Potions
 g - 6 potions of curing
 o - a potion of resistance
 r - 2 potions of lignification
 w - 2 potions of flight {unknown}
 A - a potion of ambrosia {unknown}
 D - a potion of degeneration {unknown}
 F - a potion of magic {unknown}
 H - a potion of might {unknown}
 J - a potion of berserk rage {unknown}
 T - 2 potions of heal wounds {unknown}
Books
 I - a book of Minor Magic

   Spells                             Type                      Level
   a - Magic Dart                     Conjuration                  1
   b - Blink                          Translocation                2
   c - Call Imp                       Summoning                    2
   d - Slow                           Hexes                        2
   e - Conjure Flame                  Conjuration/Fire             3
   f - Mephitic Cloud                 Conjuration/Poison/Air       3
   Trog disapproves of the use of such an item.
 R - a book of Changes

   Spells                             Type                      Level
   a - Beastly Appendage              Transmutation                1
   b - Sticks to Snakes               Transmutation                2
   c - Spider Form                    Transmutation/Poison         3
   d - Ice Form                       Ice/Transmutation            4
   e - Blade Hands                    Transmutation                5
   Trog disapproves of the use of such an item.
Comestibles
 h - 5 meat rations
 L - 3 fruits
 Q - 11 royal jellies


   Skills:
 + Level 10.1 Fighting
 * Level 9.7 Maces & Flails
 + Level 7.1 Throwing
 + Level 7.1 Dodging


You had 9 spell levels left.
You didn't know any spells.

Dungeon Overview and Level Annotations

Branches:
Dungeon (9/15)             Temple (0/1) D:7            Lair (0/6) D:8
    Orc: D:9-12

Altars:
Elyvilon
Gozag
Hepliaklqana
Xom
Yredelemnul
The Shining One

Annotations:
D:9 Erolcha


Innate Abilities, Weirdness & Mutations

You are too large for most types of armour.
You have tough skin. (AC +1)
You have a pair of small antennae on your head.
You are weak. (Str -2)


Message History

The stone arrow hits you!
You hit something. You closely miss something. You thump something!
You are no longer berserk.
You are exhausted.
You feel yourself slow down.
You hear some strange, mumbled words.
A stone arrow appears from out of thin air!
The stone arrow hits you!
You hit something but do no damage.
You hear some strange, mumbled words.
A bolt of lightning appears from out of thin air!
The bolt of lightning hits you!
You hit something. Something hits you!!
* * * LOW HITPOINT WARNING * * *
You hit something. Something hits you!!
* * * LOW HITPOINT WARNING * * *
You sock something! Something hits you!!
You die...

### #.. #.# . #.#
#. ....#######.#
. #.WYy{@....#
##. #..###.###.#
#.. #.# #.# #.#
#.# #.# #.# # #.#
#.# #.#.# #.# #.#
### #.#.####...
#.###.###.#
......... .
#.##......#
#.####.#.
.#####.##..######


You could see a yak, a phantom and a killer bee.

Vanquished Creatures
  Pikel (D:4)
  Psyche (D:9)
  Sigmund (D:4)
  5 yaks (D:9)
  A hungry ghost (D:7)
  A soldier ant (D:9)
  A water moccasin (D:6)
  An ice beast (D:6)
  2 black bears
  3 sky beasts
  3 orc warriors
  An ogre (D:7)
  A phantom (D:9)
  An eye of draining (D:8)
  2 necrophages
  6 centaurs
  3 bullfrogs
  A wyvern skeleton (D:6)
  2 scorpions (D:4)
  5 killer bees (D:9)
  A howler monkey (D:5)
  4 crimson imps
  A bullfrog zombie (D:5)
  A quasit (D:6)
  2 centaur zombies
  5 hounds
  6 jellies
  A centaur skeleton (D:9)
  A bullfrog skeleton (D:9)
  7 orc priests
  6 worker ants
  An iguana (D:8)
  7 orc wizards
  A hound zombie (D:7)
  A hound skeleton (D:4)
  2 howler monkey zombies
  11 gnolls
  14 adders
  3 shadow imps
  6 oozes
  An adder skeleton (D:4)
  3 worms
  4 dart slugs
  10 leopard geckos
  34 orcs
  A ball python (D:5)
  6 giant cockroaches
  6 goblins
  7 hobgoblins
  2 jackals (D:6)
  4 quokkas
  10 bats
  7 frilled lizards
  A goblin skeleton (D:4)
  A goblin zombie (D:4)
  A hobgoblin zombie (D:4)
  A jackal skeleton (D:7)
  8 kobolds
  A kobold zombie (D:4)
  4 orc skeletons (D:4)
  5 rats
240 creatures vanquished.

Vanquished Creatures (collateral kills)
  3 orcs (D:9)
3 creatures vanquished.

Vanquished Creatures (others)
  A phantom (D:4)
  An adder (D:4)
2 creatures vanquished.

Grand Total: 245 creatures vanquished

Notes
Turn   | Place    | Note
-------+----------+-------------------------------------------
     0 | D:1      | tof the Ogre Berserker began the quest for the Orb.
     0 | D:1      | Reached XP level 1. HP: 24/24 MP: 1/1
   287 | D:1      | Reached XP level 2. HP: 32/32 MP: 2/2
  1157 | D:1      | Reached XP level 3. HP: 38/40 MP: 3/3
  1426 | D:2      | Reached ** piety under Trog
  1509 | D:2      | Reached skill level 1 in Throwing
  1715 | D:2      | Reached XP level 4. HP: 33/49 MP: 4/4
  2733 | D:3      | Reached XP level 5. HP: 40/55 MP: 5/5
  2736 | D:3      | Reached skill level 5 in Fighting
  2897 | D:3      | Reached *** piety under Trog
  3096 | D:3      | Found a shimmering altar of Xom.
  3184 | D:3      | Reached XP level 6. HP: 46/66 MP: 6/6
  3611 | D:3      | Found a hazy altar of Hepliaklqana.
  3768 | D:4      | Found a glowing golden altar of the Shining One.
  3895 | D:4      | Noticed a slave
  3895 | D:4      | Noticed a slave
  3896 | D:4      | Noticed a slave
  3898 | D:4      | Noticed a slave
  3900 | D:4      | Noticed Pikel
  3915 | D:4      | Killed Pikel
  3915 | D:4      | Reached skill level 6 in Fighting
  3915 | D:4      | Reached skill level 5 in Maces & Flails
  3915 | D:4      | Reached XP level 7. HP: 76/76 MP: 7/7
  3915 | D:4      | Reached XP level 8. HP: 84/84 MP: 8/8
  4679 | D:4      | Noticed Sigmund
  4687 | D:4      | Killed Sigmund
  4975 | D:5      | Entered Level 5 of the Dungeon
  5006 | D:5      | Reached skill level 7 in Fighting
  5306 | D:5      | Found a basalt altar of Yredelemnul.
  5357 | D:5      | Reached skill level 5 in Dodging
  5784 | D:5      | Reached **** piety under Trog
  6378 | D:6      | Reached XP level 9. HP: 67/93 MP: 9/9
  6384 | D:6      | Reached skill level 5 in Throwing
  6909 | D:6      | Reached skill level 8 in Fighting
  8434 | D:7      | Found a staircase to the Ecumenical Temple.
  8797 | D:8      | Found a staircase to the Lair.
  8808 | D:8      | Reached skill level 9 in Fighting
  8808 | D:8      | Reached XP level 10. HP: 102/107 MP: 4/10
  8859 | D:8      | Found a white marble altar of Elyvilon.
  8950 | D:8      | Found a basalt altar of Yredelemnul.
  9059 | D:8      | Reached ***** piety under Trog
  9533 | D:9      | Found an opulent altar of Gozag.
  9643 | D:9      | Noticed Psyche
  9656 | D:9      | Killed Psyche
  9679 | D:9      | Received a gift from Trog
 10381 | D:9      | Gained mutation: You are weak. (Str -2) [mutagenic meat]
 10382 | D:9      | Gained mutation: You have a pair of small antennae on your head. [mutagenic meat]
 10383 | D:9      | Gained mutation: You have an increased reservoir of magic. (+10% MP) [mutagenic meat]
 10384 | D:9      | Lost mutation: You have an increased reservoir of magic. (+10% MP) [mutagenic meat]
 10545 | D:9      | Received a gift from Trog
 10557 | D:9      | Reached skill level 10 in Fighting
 11327 | D:9      | Noticed Erolcha
 11347 | D:9      | Slain by Erolcha

Skill      XL: |  1  2  3  4  5  6  7  8  9 10 |
---------------+-------------------------------+-----
Maces & Flails | 3 4 5 7 8 9 |  9.7
Dodging        | 3 4 5 6 7 |  7.1
Throwing       | 1 2 3 4 6 7 |  7.1
Fighting       | 5 6 7 9 10 | 10.1

Action                   |  1- 3 |  4- 6 |  7- 9 | 10-12 || total
-------------------------+-------+-------+-------+-------++-------
Melee: Mace              |   114 |    56 |       |       ||   170
       Flail             |       |    95 |   319 |   219 ||   633
Throw: Tomahawk          |       |       |       |     2 ||     2
Invok: Berserk           |       |     3 |     3 |     2 ||     8
       Trog's Hand       |       |       |     1 |     1 ||     2
  Use: Scroll            |       |     4 |     7 |     2 ||    13
       Potion            |       |       |       |     1 ||     1
 Stab: Sleeping          |     1 |       |       |       ||     1
  Eat: Chunk             |     3 |     9 |    20 |     7 ||    39
       Bread ration      |       |       |     1 |     2 ||     3
Armor: Animal skin       |    47 |    42 |    99 |    62 ||   250
       Skin              |       |       |       |    21 ||    21
Dodge: Dodged            |    72 |    76 |   181 |   101 ||   430
